 Dungeon Crawl Stone Soup version 0.30-a0-1161-g0704695555 (webtiles) character file.

Game seed: 7701997994819425113

22054 zazu2006 the Covert (level 12, -2/90 HPs)
             Began as a Naga Hedge Wizard on Apr 27, 2023.
             Was a High Priest of Vehumet.
             Slain by a red devil
             ... wielding a +0 trident of flaming
              (6 damage)
             ... in a volcano.
             The game lasted 00:46:40 (17486 turns).

zazu2006 the Covert (Naga Hedge Wizard)            Turns: 17486, Time: 00:46:41

Health: -2/90      AC: 11    Str: 12    XL:     12   Next: 96%
Magic:  15/34      EV: 11    Int: 23    God:    Vehumet [*****.]
Gold:   308        SH:  6    Dex: 19    Spells: 21/30 levels left

rFire   . . .        S - +9 long sword of Dissent {drain, rN+ Dex+3}
rCold   + . .        P - +0 buckler
rNeg    + . .        W - +2 leather armour {rC+}
rPois   +            c - +0 hat
rElec   .            H - +1 cloak
rCorr   .            i - +0 pair of gloves
SInv    +            (no barding)
Will    +....        e - amulet of the acrobat
Stlth   +++++        p - ring of magical power
HPRegen 0.35/turn    B - +6 ring of dexterity
MPRegen 0.24/turn

%: acrobat
@: spiked, studying Armour, very slow
A: AC +4, large, see invisible, deformed body, poison resistance, slowness 2,
spit poison 1, naga tail 1, antennae 1, clever 1, frail 1
a: Spit Poison, Renounce Religion


You were in a volcano.
You worshipped Vehumet.
Vehumet was extremely pleased with you.
You visited 4 branches of the dungeon, and saw 16 of its levels.
You also visited: Ossuary and Volcano.

You collected 1403 gold pieces.
You spent 1095 gold pieces at shops.

Inventory:

Hand Weapons
 n - a +1 dagger of draining
 u - a +1 dagger of electrocution
 N - a +4 long sword
 S - the +9 long sword of Dissent (weapon) {drain, rN+ Dex+3}
   (You took it off Fannar on level 11 of the Dungeon)

   Dex:       It affects your dexterity (+3).
   rN:        It protects you from negative energy.
Missiles
 M - 4 throwing nets
Armour
 c - a +0 hat (worn)
 i - a +0 pair of gloves (worn)
 G - a +0 ring mail of fire resistance
 H - a +1 cloak (worn)
 P - a +0 buckler (worn)
 W - a +2 leather armour of cold resistance (worn)
Jewellery
 e - an amulet of the acrobat (around neck)
 p - a ring of magical power (left hand)
 B - a +6 ring of dexterity (right hand)
 L - a +6 ring of intelligence
 R - a ring of ice
Wands
 j - a wand of paralysis (12)
 s - a wand of quicksilver (2)
 J - a wand of mindburst (13)
 T - a wand of flame (8)
 U - a wand of polymorph (4)
Scrolls
 k - a scroll of brand weapon
 l - a scroll of torment {unknown}
 r - a scroll of summoning
 t - 2 scrolls of poison
 v - 3 scrolls of vulnerability
 w - a scroll of amnesia
 x - 4 scrolls of fear
 y - a scroll of fog
 C - 3 scrolls of teleportation
 I - a scroll of magic mapping
 K - a scroll of noise {unknown}
 Q - 2 scrolls of identify
 V - a scroll of immolation {unknown}
Potions
 a - 4 potions of mutation
 b - a potion of cancellation {unknown}
 d - 4 potions of degeneration {unknown}
 f - 4 potions of curing
 g - 4 potions of lignification {unknown}
 h - 2 potions of berserk rage
 m - 2 potions of invisibility
 o - 4 potions of brilliance
 q - a potion of magic
 z - 3 potions of resistance {unknown}
 A - 3 potions of attraction
 D - 3 potions of heal wounds {unknown}
 E - 4 potions of flight
 F - 3 potions of haste
 O - 2 potions of might


   Skills:
 + Level 4.7 Fighting
 + Level 5.3 Long Blades
 + Level 4.3 Armour
 + Level 4.8 Dodging
 + Level 12.1 Stealth
 * Level 4.8 Shields
 + Level 9.9 Spellcasting
 + Level 8.7 Conjurations
 + Level 1.0 Summonings
 + Level 1.8 Translocations
 + Level 3.9 Air Magic
 + Level 6.2 Earth Magic
 + Level 5.8 Poison Magic


You had 21 spell levels left.
You knew the following spells:

 Your Spells              Type           Power      Damage    Failure   Level
a - Magic Dart            Conj           100%       1d8       1%          1
b - Mephitic Cloud        Conj/Pois/Air  39%        N/A       1%          3
c - Stone Arrow           Conj/Erth      90%        3d12      1%          3
d - Blink                 Tloc           38%        N/A       7%          2

Your spell library contained the following spells:

 Spells                   Type           Power      Damage    Failure   Level
 Ozocubu's Refrigeration  Ice            5%         4d8       100%        7
 Poisonous Vapours        Pois/Air       66%        N/A       1%          2
 Ignite Poison            Fire/Tmut/Pois 20%        N/A       3%          3
 Cigotuvi's Dreadful Rot  Necr/Pois/Air  52%        N/A       4%          2
 Inner Flame              Hex/Fire       11%        N/A       9%          3
 Slow                     Hex            44%        N/A       10%         1
 Call Imp                 Summ           32%        N/A       10%         2
 Freezing Cloud           Conj/Ice/Air   15%        6-21      13%         5
 Gell's Gravitas          Tloc           19%        N/A       14%         3
 Teleport Other           Tloc           19%        N/A       14%         3
 Sublimation of Blood     Necr           11%        N/A       16%         2
 Wereblood                Tmut           11%        N/A       16%         2
 Portal Projectile        Hex/Tloc       30%        N/A       21%         3
 Animate Armour           Summ/Erth      56%        N/A       22%         4
 Confusing Touch          Hex            11%        N/A       30%         3
 Tukima's Dance           Hex            11%        N/A       30%         3
 Vampiric Draining        Necr           11%        2d6       30%         3
 Yara's Violent Unravell  Hex/Tmut       5%         3d4       54%         5
 Blade Hands              Tmut           5%         N/A       95%         5
 Lehudib's Crystal Spear  Conj/Erth      22%        10d6      99%         8
 Dispersal                Tloc           9%         N/A       100%        6
 Enfeeble                 Hex            5%         N/A       100%        7
 Summon Hydra             Summ           8%         N/A       100%        7


Dungeon Overview and Level Annotations

Branches:
Dungeon (12/15)            Temple (1/1) D:6            Lair (1/5) D:10
    Orc (2/2) D:11            Elf (0/3) Orc:2       Ossuary (visited)
Volcano (1/1)

Altars:
Ashenzari
Cheibriados
Elyvilon
Kikubaaqudgha
Makhleb
Nemelex Xobeh
Okawaru
Ru
Uskayaw
Vehumet
Zin
The Shining One

Shops:
D:8 *   D:9 [   D:10 (*[   Orc:1 :


Innate Abilities, Weirdness & Mutations

Your serpentine skin is tough. (AC +4)
You have supernaturally acute eyesight. (SInv)
Armour fits poorly on your strangely shaped body.
Your system is resistant to poisons. (rPois)
You cover ground very slowly.
You can spit poison.
You have a snake-like lower body.
You have a pair of small antennae on your head.
Your mind is acute. (Int +4, Str/Dex -1)
You are frail. (-10% HP)


Message History

Unknown command.
Casting: Stone Arrow (safe; 1% risk of failure)
Confirm with . or Enter, or press ? or * to list all spells.
Aiming: Stone Arrow (safe; 1% risk of failure)
Press: ? - help, Shift-Dir - straight line, f/p - sun demon
Aim: a sun demon (almost dead, 67% to hit)
The stone arrow hits the sun demon!
The sun demon is almost dead.
The sun demon hits you!
* * * LOW HITPOINT WARNING * * *
You are engulfed in flames!!
* * * LOW HITPOINT WARNING * * *
The sun demon closely misses you.
Unknown command.
Okay, then.
Okay, then.
Casting: Stone Arrow (safe; 1% risk of failure)
Confirm with . or Enter, or press ? or * to list all spells.
Aiming: Stone Arrow (safe; 1% risk of failure)
Press: ? - help, Shift-Dir - straight line, f/p - sun demon
Aim: a sun demon (almost dead, 67% to hit)
The stone arrow hits the sun demon!
You kill the sun demon!
Vehumet accepts your kill.
Vehumet offers you knowledge of Ozocubu's Refrigeration.
You feel your power returning.
You feel better.
The red devil hits you with a +0 trident of flaming.
* * * LOW HITPOINT WARNING * * *
Barbed spikes become lodged in your body.
The red devil burns you.
* * * LOW HITPOINT WARNING * * *
You feel better. You block the red devil's attack.
It was a potion of mutation.
You feel extremely strange.
You feel frail. A pair of antennae grows on your head!
You feel clever.
The red devil hits you with a +0 trident of flaming!
* * * LOW HITPOINT WARNING * * *
Barbed spikes become lodged in your body.
The red devil burns you.
You die...

##§≈ ##≈≈ #≈≈≈ #.§≈
#≈≈≈ ##≈≈≈ ##≈≈. #..≈≈
#≈≈≈! ##..§ #≈≈$4 #..∩
#≈≈.## ##). ##4# #...
##@## ### ##[.
#.#####.# #### ##)≈
#...##..###..###.##
#..§..........#.##
#...≈≈§§§≈≈....####
#...≈≈§≈§§≈≈§≈.....#
#..§.≈≈§§§≈≈≈≈≈≈....#
#...§≈≈≈≈≈§≈≈≈≈≈....##
#...≈≈≈≈≈§≈§≈≈≈§≈....#


You could see a red devil.

Vanquished Creatures
  Fannar (D:11)
  Erolcha (D:9)
  2 two-headed ogres
  7 death yaks
  2 boulder beetles
  A hell knight (Volcano)
  A sun demon (Volcano)
  An orc knight (D:11)
  A deep elf pyromancer (D:12)
  2 orc sorcerers (D:11)
  An oklob plant (D:7)
  An ugly thing (D:10)
  Psyche (D:8)
  2 unseen horrors
  3 red devils (Volcano)
  4 trolls
  A hornet (D:8)
  Prince Ribbit (D:6)
  Sigmund (D:3)
  3 shadows (D:9)
  A wraith (D:7)
  Eustachio (D:6)
  6 yaks
  A wyvern (D:10)
  A steam dragon (D:5)
  A two-headed ogre zombie (D:11)
  An acid dragon (D:9)
  A water moccasin (D:6)
  2 ice beasts
  7 orc warriors
  3 sky beasts (D:7)
  3 black bears
  3 centaurs
  5 ogres
  3 phantoms
  The ghost of rinse the Sneak, an amateur KoDe (D:7)
  3 kobold brigands
  2 bullfrogs (D:9)
  2 gnoll sergeants
  9 wights (D:8)
  2 troll zombies (D:11)
  3 killer bees (D:11)
  2 electric eels (D:8)
  7 howler monkeys
  2 human zombies (D:7)
  4 jellies
  Crazy Yiuf (D:6)
  13 orc priests
  7 hounds
  Terence (D:2)
  Jessica (D:3)
  Natasha (twice) (D:4 D:3)
  2 sleepcaps
  A human skeleton (D:7)
  4 iguanas
  3 hell rats (D:10)
  12 orc wizards
  5 ogre zombies (D:11)
  8 mummies (Ossuary)
  18 gnolls
  12 adders
  4 river rats (D:10)
  2 shadow imps
  6 white imps
  2 ufetubi
  3 worms
  6 dart slugs
  38 orcs
  9 bats
  8 endoplasms
  3 giant cockroaches
  5 goblins
  11 hobgoblins
  3 jackals (D:3)
  8 quokkas
  7 ball pythons
  A frilled lizard (D:1)
  A gnoll zombie (Ossuary)
  A goblin skeleton (D:11)
  2 goblin zombies (D:11)
  10 hobgoblin zombies
  20 kobolds
  2 kobold zombies (Ossuary)
  2 orc skeletons (D:7)
  16 orc zombies
  8 rats
381 creatures vanquished.

Vanquished Creatures (collateral kills)
  A killer bee (D:11)
1 creature vanquished.

Grand Total: 382 creatures vanquished

Notes
Turn   | Place    | Note
-------+----------+-------------------------------------------
     0 | D:1      | zazu2006 the Naga Hedge Wizard began the quest for the Orb.
     0 | D:1      | Reached XP level 1. HP: 15/15 MP: 4/4
   331 | D:1      | Reached XP level 2. HP: 22/22 MP: 3/6
   870 | D:1      | Reached XP level 3. HP: 28/28 MP: 6/8
   874 | D:1      | Learned a level 3 spell: Mephitic Cloud
   877 | D:1      | Learned a level 2 spell: Blink
  1592 | D:2      | Reached skill level 1 in Poison Magic
  1592 | D:2      | Reached XP level 4. HP: 36/36 MP: 6/10
  1958 | D:2      | Noticed Terence
  1973 | D:2      | Killed Terence
  2130 | D:2      | Reached XP level 5. HP: 43/43 MP: 8/11
  2431 | D:3      | Found a snail-covered altar of Cheibriados.
  2433 | D:3      | Noticed Sigmund
  2480 | D:3      | Killed Sigmund
  2481 | D:3      | Reached skill level 4 in Stealth
  2481 | D:3      | Reached XP level 6. HP: 50/50 MP: 3/13
  2483 | D:3      | Noticed Jessica
  2575 | D:3      | Killed Jessica
  2576 | D:3      | Reached skill level 5 in Spellcasting
  2746 | D:3      | Found a sacrificial altar of Ru.
  2882 | D:3      | Learned a level 3 spell: Stone Arrow
  3346 | D:4      | Noticed Natasha
  3364 | D:4      | Killed Natasha
  3390 | D:4      | Found an iron altar of Okawaru.
  3441 | D:4      | Noticed Natasha
  3473 | D:3      | Killed Natasha
  3474 | D:3      | Reached XP level 7. HP: 42/56 MP: 8/14
  3542 | D:4      | Reached skill level 5 in Stealth
  3798 | D:4      | Reached skill level 1 in Fighting
  4331 | D:5      | Entered Level 5 of the Dungeon
  4382 | D:5      | Reached skill level 1 in Armour
  4492 | D:5      | Reached XP level 8. HP: 45/64 MP: 4/16
  4802 | D:5      | Reached skill level 1 in Air Magic
  5069 | D:5      | Found a glowing silver altar of Zin.
  5072 | D:5      | Reached skill level 1 in Earth Magic
  5166 | D:5      | Reached skill level 5 in Conjurations
  5527 | D:6      | Noticed Eustachio
  5548 | D:6      | Killed Eustachio
  5549 | D:6      | Reached skill level 6 in Stealth
  5647 | D:6      | Reached XP level 9. HP: 73/73 MP: 8/18
  5754 | D:6      | Noticed Prince Ribbit
  5761 | D:6      | Killed Prince Ribbit
  5879 | D:6      | Reached skill level 7 in Stealth
  6058 | D:6      | Found a runed translucent door.
  6059 | D:6      | Noticed Crazy Yiuf
  6065 | D:6      | Killed Crazy Yiuf
  6446 | D:6      | Found a staircase to the Ecumenical Temple.
  6458 | Temple   | Entered the Ecumenical Temple
  6510 | Temple   | Became a worshipper of Vehumet
  6809 | D:7      | Found a sand-covered staircase.
  6825 | Ossuary  | Entered an ossuary
  7672 | D:7      | Reached * piety under Vehumet
  7672 | D:7      | Offered knowledge of Freeze by Vehumet.
  7721 | D:7      | Found a transporter.
  7725 | D:7      | Noticed an oklob plant
  7725 | D:7      | Noticed rinse's ghost (amateur KoDe)
  7733 | D:7      | Reached skill level 8 in Stealth
  7794 | D:7      | Found a transporter.
  8473 | D:8      | Reached XP level 10. HP: 81/81 MP: 21/21
  8498 | D:8      | Reached skill level 9 in Stealth
  8768 | D:8      | Noticed Psyche
  8779 | D:8      | Killed Psyche
  8967 | D:8      | Found a broken altar of Ashenzari.
  9077 | D:8      | Reached ** piety under Vehumet
  9082 | D:8      | Offered knowledge of Poisonous Vapours by Vehumet.
  9134 | D:8      | Found a burning altar of Makhleb.
  9244 | D:8      | Reached skill level 10 in Stealth
  9510 | D:8      | Found Gunaken's Serpentskin Sales.
  9644 | D:7      | Killed rinse's ghost
  9875 | D:7      | Killed an oklob plant
 10448 | D:9      | Reached skill level 1 in Long Blades
 10770 | D:9      | Noticed Erolcha
 10785 | D:9      | Killed Erolcha
 10785 | D:9      | Offered knowledge of Searing Ray by Vehumet.
 10786 | D:9      | Reached skill level 5 in Poison Magic
 10786 | D:9      | Reached XP level 11. HP: 87/90 MP: 23/23
 10802 | D:9      | Found Kaclaschex's Antique Armour Emporium.
 11380 | D:10     | Entered Level 10 of the Dungeon
 11380 | D:10     | Noticed a green ugly thing
 11387 | D:10     | Killed a green ugly thing
 11495 | D:10     | Reached skill level 11 in Stealth
 11495 | D:10     | Reached skill level 5 in Earth Magic
 11582 | D:10     | Found Wosashroo's Weapon Shop.
 11582 | D:10     | Noticed a +0 demon trident
 11582 | D:10     | Noticed a +0 triple sword
 11633 | D:10     | Noticed a death yak
 11862 | D:10     | Reached *** piety under Vehumet
 12009 | D:10     | Found Vyqu's Antique Armour Boutique.
 12015 | D:10     | Noticed a death yak
 12023 | D:10     | Noticed a death yak
 12158 | D:10     | Found a staircase to the Lair.
 12368 | D:10     | Killed a death yak
 12618 | D:10     | Killed a death yak
 12619 | D:10     | Reached skill level 1 in Shields
 12769 | Lair:1   | Entered Level 1 of the Lair of Beasts
 12797 | Lair:1   | Noticed a death yak
 12812 | Lair:1   | Noticed a death yak
 12817 | Lair:1   | Noticed a death yak
 12819 | Lair:1   | Noticed a death yak
 12820 | Lair:1   | Killed a death yak
 12827 | Lair:1   | Noticed a death yak
 12834 | Lair:1   | Noticed a death yak
 13115 | D:10     | Found a white marble altar of Elyvilon.
 13214 | D:10     | Found Quuchedgh's General Store.
 13224 | D:10     | Bought a potion of berserk rage for 55 gold pieces
 13267 | D:10     | Found a sparkling altar of Nemelex Xobeh.
 13377 | D:11     | Offered knowledge of Iskenderun's Mystic Blast by Vehumet.
 13409 | D:11     | Identified the +9 long sword of Dissent {drain, rN+ Dex+3}
 13409 | D:11     | Noticed Fannar
 13431 | D:11     | Killed Fannar
 13617 | D:11     | You fall into a shaft and drop 1 floor!
 13632 | D:12     | Noticed a deep elf pyromancer
 13643 | D:12     | Killed a deep elf pyromancer
 13653 | D:12     | Reached **** piety under Vehumet
 13857 | D:12     | Noticed a boulder beetle
 13872 | D:12     | Killed a boulder beetle
 13873 | D:12     | Reached XP level 12. HP: 62/99 MP: 25/25
 14161 | D:12     | Noticed a two-headed ogre
 14170 | D:12     | Killed a two-headed ogre
 14567 | D:11     | Noticed a boulder beetle
 14586 | D:11     | Killed a boulder beetle
 14596 | D:11     | Noticed a two-headed ogre
 15093 | D:11     | Killed a two-headed ogre
 15152 | D:11     | Offered knowledge of Sticky Flame by Vehumet.
 15334 | D:11     | Found a staircase to the Orcish Mines.
 15510 | D:10     | Killed a death yak
 15529 | D:10     | Killed a death yak
 15639 | D:10     | Killed a death yak
 15694 | D:10     | Killed a death yak
 15915 | Orc:1    | Entered Level 1 of the Orcish Mines
 16397 | D:11     | Reached skill level 5 in Long Blades
 16804 | Orc:1    | Reached ***** piety under Vehumet
 16813 | Orc:1    | Reached skill level 12 in Stealth
 16891 | Orc:1    | Found Uhonn's Book Shop.
 16911 | Orc:1    | Bought a manual of Armour for 1040 gold pieces
 17055 | Orc:2    | Entered Level 2 of the Orcish Mines
 17079 | Orc:2    | Found a dark tunnel.
 17085 | Volcano  | Entered a volcano
 17274 | Volcano  | Noticed a hell knight
 17285 | Volcano  | Killed a hell knight
 17475 | Volcano  | Noticed a sun demon
 17483 | Volcano  | Killed a sun demon
 17483 | Volcano  | Offered knowledge of Ozocubu's Refrigeration by Vehumet.
 17486 | Volcano  | Gained mutation: You are frail. (-10% HP) [potion of
                  | mutation]
 17486 | Volcano  | Gained mutation: You have a pair of small antennae on your
                  | head. [potion of mutation]
 17486 | Volcano  | Gained mutation: Your mind is acute. (Int +4, Str/Dex -1)
                  | [potion of mutation]
 17486 | Volcano  | HP: 4/90 [red devil/+0 trident of flaming (14)]
 17486 | Volcano  | Slain by a red devil

Illustrated notes

Levels and vault maps discovered:
D:1:      erik_arrival_orb_chamber, layout_loops_ring, grunt_decor_clamped
D:2:      layout_basic, serial_bayou, serial_bayou_pond_c, serial_bayou_shore_b,
          serial_bayou_shore_a, serial_bayou_pond_e,
          chequers_serial_rivers_micro_c, uniq_terence
D:3:      layout_rooms, nicolae_ru_awakened_eye, overflow_temple_1_default,
          uniq_jessica, uniq_sigmund
D:4:      layout_rooms, mainiacjoe_overflow_alcove_2, minmay_joined_circles,
          uniq_natasha
D:5:      minmay_evil_eye, layout_basic, mainiacjoe_overflow_surrounded_room,
          hangedman_decor_riveting, hangedman_decor_points, st_stairs_6
D:6:      layout_gridville, minmay_temple_entry_mist, uniq_crazy_yiuf_cottage,
          uniq_eustachio, uniq_prince_ribbit1
D:7:      layout_basic, nzn_ghost_randoct, nicolae_ossuary_entry_catacombs,
          hex_tiny
D:8:      nicolae_moon_pools, layout_rooms, cheibrodos_ashenzari_chains,
          lightli_temple_of_fire, nrook_uturn, guppyfry_shop_venom, uniq_psyche
D:9:      layout_stronghold, serial_shops, nicolae_shop_behind_doors,
          uniq_erolcha
D:10:     layout_irregular_city, nemelex_altar_shiori, elyvilon_altar_5,
          dpeg_lair_monsters, serial_shops, shop, nicolae_shop_mannequins, shop
D:11:     layout_long_grid, zombieorc2_lemuel, uniq_fannar
D:12:     layout_loops_ring
Temple:   dpeg_chambers_temple
Lair:1:   layout_regular_city, chequers_serial_rivers_micro_e, minivault_11,
          grunt_megastairs_3
Orc:1:    layout_diamond_mine, serial_shops, shop_coins
Orc:2:    st_orc_pillars, layout_caves, nicolae_volcano_entry_s_turn,
          serial_shops, shop, basic_altar
Volcano:  volcano_pools

Skill      XL: |  1  2  3  4  5  6  7  8  9 10 11 12 |
---------------+-------------------------------------+-----
Spellcasting   | 4 5 6 7 8 9 |  9.9
Poison Magic   | 1 2 3 4 5 |  5.8
Conjurations   | 2 3 4 5 6 7 8 |  8.7
Stealth        | 4 5 6 8 10 11 12 | 12.1
Fighting       | 1 2 3 4 |  4.7
Dodging        | 2 3 4 |  4.8
Armour         | 1 2 3 4 |  4.3
Air Magic      | 1 2 3 |  3.9
Earth Magic    | 1 2 4 5 6 |  6.2
Long Blades    | 1 2 5 |  5.3
Shields        | 2 4 |  4.8
Summonings     | |  1.0
Translocations | |  1.8

Action                     |  1- 3 |  4- 6 |  7- 9 | 10-12 || total
---------------------------+-------+-------+-------+-------++-------
  Melee: Dagger            |     5 |    68 |   246 |   221 ||   540
         Punch             |       |     1 |     5 |    10 ||    16
         Long sword        |       |       |       |   202 ||   202
   Cast: Magic Dart        |    70 |    64 |   117 |    47 ||   298
         Mephitic Cloud    |       |     6 |    29 |    65 ||   100
         Stone Arrow       |       |     1 |    65 |   217 ||   283
         Blink             |       |       |     1 |     6 ||     7
Ability: Spit Poison       |    12 |    12 |     6 |     6 ||    36
    Use: Scroll            |       |     5 |    11 |     6 ||    22
         Potion            |       |       |     2 |     4 ||     6
   Stab: Sleeping          |     1 |     3 |     4 |     9 ||    17
         Confused          |       |     1 |    23 |    37 ||    61
 Armour: Robe              |    11 |    12 |       |       ||    23
         Leather armour    |       |     9 |    76 |   201 ||   286
  Dodge: Dodged            |    19 |    46 |   162 |   340 ||   567
  Block: Buckler           |       |       |       |    40 ||    40

Table legend: (Time is in decaauts)
 A = Elapsed time spent in this place.
 B = Non-inter-level travel time spent in this place.
 C = Inter-level travel time spent in this place.
 D = Time resting spent in this place.
 E = Time spent auto-exploring this place.
 F = Levels seen in this place.
 G = Mean time per level.
                   A        B        C        D        E       F      G
               +--------+--------+--------+--------+--------+-----+--------+
         Total |  20713 |  20030 |    683 |   1737 |  14190 |  18 | 1150.7 |
       Dungeon |  19063 |  18430 |    633 |   1673 |  13129 |  12 | 1588.6 |
        Temple |     89 |     71 |     18 |      0 |     49 |   1 |   89.0 |
          Lair |     91 |     91 |      0 |      0 |     16 |   1 |   91.0 |
  Orcish Mines |    399 |    368 |     31 |      0 |    274 |   2 |  199.5 |
       Ossuary |    629 |    629 |      0 |      0 |    463 |   1 |  629.0 |
       Volcano |    439 |    439 |      0 |     64 |    257 |   1 |  439.0 |
               +--------+--------+--------+--------+--------+-----+--------+

Top non-repeatable levels by time:
    D:10: 2555 daAuts
    D:11: 2439 daAuts
     D:7: 2153 daAuts
     D:1: 1662 daAuts
     D:9: 1535 daAuts
     D:2: 1427 daAuts
     D:4: 1381 daAuts
     D:6: 1347 daAuts
     D:8: 1330 daAuts
     D:5: 1327 daAuts
    D:12: 1153 daAuts
     D:3: 748 daAuts
 Ossuary: 629 daAuts
 Volcano: 439 daAuts
   Orc:1: 359 daAuts
